Map: Abyssal Reef LE

Players

soul - Winner!

  • Race: Terran Terran
  • Spawn Location: 11:00

EnderSword

  • Race: Protoss Protoss
  • Spawn Location: 5:00

Event: WCS Montreal 2017

VOD

https://www.youtube.com/watch?v=KYy3QiVZdBw

Description

Time

  • Played on: Sept. 8, 2017, 11:25 a.m.
  • Length: 9:39

All games in this series

Show
View Real Time Build Order
Export as new Build Order

soul Terran - Winner!

Build Orders: Cyclone Opening, MMM Bio 

Get SALT Encoding   

  12  0:00  SCV  
  13  0:13  SCV  
  14  0:17  Supply Depot  
  14  0:25  SCV  
  15  0:39  SCV  
  16  0:42  Barracks  
  16  0:45  Refinery  
  16  0:51  SCV  
  17  1:03  SCV  
  18  1:15  SCV  
  19  1:29  Marine  
  19  1:30  Orbital Command  
  20  1:42  Command Center  
  20  1:55  SCV  
  20  1:58  Factory  
  21  2:07  Barracks Reactor, SCV  
  22  2:13  Supply Depot  
  22  2:20  SCV  
  23  2:24  Engineering Bay  
  23  2:31  Bunker  
  23  2:34  SCV  
  24  2:43  Cyclone  
  27  2:45  Marine  
  27  2:47  Marine  
  29  2:54  Missile Turret  
  29  3:01  Orbital Command  
  29  3:05  SCV  
  29  3:08  Marine  
  29  3:10  Marine  
  32  3:20  Starport  
  32  3:22  SCV  
  32  3:26  Marine  
  34  3:28  Marine, SCV  
  36  3:34  SCV  
  36  3:36  Supply Depot  
  36  3:37  Widow Mine  
  36  3:40  SCV  
  40  3:46  Marine, SCV, Refinery  
  42  3:49  Marine  
  42  3:52  SCV  
  44  3:58  SCV  
  44  4:01  Supply Depot  
  45  4:04  Supply Depot, SCV  
  45  4:07  Medivac  
  48  4:10  Marine, SCV  
  48  4:11  Marine  
  48  4:14  Widow Mine  
  48  4:17  SCV  
  54  4:22  Supply Depot  
  54  4:23  SCV  
  55  4:28  Marine  
  55  4:29  Marine, SCV  
  58  4:33  Barracks  
  58  4:35  SCV  
  58  4:37  Barracks  
  59  4:43  SCV  
  60  4:46  Viking  
  60  4:48  Factory Tech Lab  
  60  4:52  Marine  
  63  4:53  Marine  
  63  4:54  Refinery  
  63  4:56  SCV  
  65  5:01  SCV  
  65  5:06  Supply Depot  
  66  5:08  Siege Tank, Refinery  
  66  5:09  SCV  
  66  5:12  Terran Infantry Weapons Level 1  
  66  5:14  SCV  
  71  5:20  Marine  
  71  5:21  SCV  
  73  5:23  Starport Reactor  
  73  5:24  Barracks Tech Lab  
  73  5:26  SCV  
  74  5:29  Barracks Tech Lab  
  74  5:33  SCV  
  74  5:34  Marine  
  74  5:37  Supply Depot  
  74  5:38  SCV  
  74  5:40  Marine  
  74  5:42  Stimpack  
  76  5:45  Marine, SCV  
  76  5:48  Marine  
  79  5:50  SCV  
  79  5:51  Marine  
  81  5:58  Marine  
  81  5:59  Siege Tank  
  84  6:09  Command Center  
  84  6:12  Supply Depot  
  84  6:13  SCV  
  84  6:14  SCV  
  86  6:20  Barracks x2, Combat Shields  
  86  6:24  Medivac x2  
  86  6:25  SCV  
  91  6:27  SCV  
  92  6:34  Supply Depot  
  92  6:35  Marine, Marauder  
  92  6:37  SCV  
  96  6:44  SCV  
  97  6:47  Supply Depot x2  
  97  6:48  Factory Reactor  
  97  6:49  SCV  
  97  6:51  Marine, Marauder  
  101  6:56  SCV  
  101  6:59  Marine, Marauder  
  101  7:01  Supply Depot, SCV  
  106  7:06  Terran Infantry Armor Level 1  
  106  7:08  SCV  
  106  7:10  Barracks Reactor  
  106  7:13  SCV  
  107  7:20  SCV  
  107  7:21  Orbital Command  
  107  7:22  Marine, Marauder x3  
  115  7:24  Medivac  
  115  7:25  SCV  
  115  7:26  Medivac  
  120  7:32  Supply Depot  
  120  7:35  Widow Mine x2  
  124  7:38  Supply Depot  
  124  7:40  Liberator  
  124  7:41  Refinery x2  
  124  7:42  Liberator  
  124  7:43  Marauder, Concussive Shells  
  126  7:44  SCV  
  126  7:47  SCV x2  
  129  7:54  Marine  
  129  7:55  Supply Depot, Marauder  
  129  7:56  SCV  
  136  8:01  Supply Depot  
  136  8:02  Marine  
  136  8:03  Widow Mine, Marauder  
  136  8:04  Widow Mine  
  148  8:06  Marauder  
  148  8:09  Marine  
  149  8:14  Marine  
  149  8:16  Marauder  
  149  8:17  Marine  
  149  8:19  Supply Depot  
  151  8:22  Marine  
  151  8:24  Supply Depot, Marauder  
  156  8:27  Marauder  
  156  8:32  Armory, Engineering Bay, Widow Mine  
  158  8:37  Marauder  
  158  8:38  Marine  
  161  8:42  Supply Depot  
  161  8:45  Marauder  
  161  8:48  Marine, Marauder  
  165  8:54  Command Center  
  166  8:56  Marine  
  166  8:58  Marine  
  166  8:59  Marauder  
  170  9:07  Marauder  
  170  9:08  Starport  
  170  9:09  Fusion Core  
  174  9:10  Marine, Marauder  
  174  9:13  Marine  
  173  9:18  Marine x2  
Show
View Real Time Build Order
Export as new Build Order

EnderSword Protoss 

Build Orders: Zealot Archon 

Get SALT Encoding   

  12  0:02  Probe (Chrono Boost)  
  13  0:12  Probe (Chrono Boost)  
  14  0:18  Pylon  
  14  0:23  Probe (Chrono Boost)  
  15  0:36  Gateway  
  15  0:38  Probe (Chrono Boost)  
  16  0:45  Assimilator  
  16  0:48  Probe (Chrono Boost)  
  17  0:59  Probe (Chrono Boost)  
  17  1:01  Assimilator  
  18  1:10  Probe (Chrono Boost)  
  19  1:20  Probe (Chrono Boost)  
  19  1:21  Pylon  
  20  1:26  Cybernetics Core  
  20  1:31  Probe (Chrono Boost)  
  21  1:46  Probe (Chrono Boost)  
  22  1:57  Probe (Chrono Boost)  
  23  2:07  Probe (Chrono Boost)  
  24  2:13  Warp Gate  
  23  2:18  Probe (Chrono Boost), Pylon  
  24  2:26  Stalker  
  24  2:29  Mothership Core (Chrono Boost)  
  28  2:38  Nexus  
  28  2:45  Pylon  
  28  3:02  Probe (Chrono Boost)  
  29  3:12  Probe (Chrono Boost), Gateway  
  30  3:13  Gateway  
  30  3:23  Probe (Chrono Boost)  
  30  3:25  Forge  
  31  3:29  Sentry  
  33  3:37  Probe (Chrono Boost)  
  34  3:47  Probe (Chrono Boost), Robotics Facility  
  35  3:51  Probe (Chrono Boost)  
  36  3:58  Probe (Chrono Boost)  
  37  4:03  Probe (Chrono Boost)  
  37  4:07  Assimilator  
  37  4:08  Probe (Chrono Boost)  
  39  4:11  Protoss Ground Weapons Level 1  
  39  4:13  Probe (Chrono Boost)  
  40  4:18  Photon Cannon  
  40  4:21  Pylon  
  40  4:26  Sentry  
  40  4:29  Stalker  
  44  4:32  Zealot  
  44  4:37  Probe (Chrono Boost), Observer (Chrono Boost)  
  47  4:38  Probe  
  47  4:45  Photon Cannon  
  49  4:48  Probe  
  49  4:50  Probe  
  51  4:58  Twilight Council  
  51  5:01  Zealot, Pylon  
  51  5:03  Zealot  
  55  5:07  Zealot  
  55  5:13  Probe, Observer (Chrono Boost)  
  58  5:14  Probe  
  60  5:23  Probe  
  60  5:26  Probe, Photon Cannon  
  53  5:36  Pylon  
  53  5:39  Probe  
  53  5:41  Probe  
  55  5:44  Immortal (Chrono Boost)  
  59  5:50  Probe  
  59  5:53  Probe  
  59  5:55  Assimilator  
  61  5:59  Zealot x2  
  61  6:00  Probe  
  61  6:03  Stalker  
  63  6:20  Probe  
  63  6:21  Probe  
  63  6:23  Immortal (Chrono Boost)  
  69  6:33  Gateway  
  69  6:35  Charge  
  69  6:36  Templar Archives  
  69  6:42  Photon Cannon  
  69  6:44  Probe  
  70  6:51  Photon Cannon  
  70  7:02  Pylon  
  70  7:16  Probe  
  70  7:17  Probe  
  76  7:22  Psionic Storm  
  76  7:23  Immortal (Chrono Boost)  
  76  7:27  High Templar x3  
  82  7:40  High Templar  
  82  7:41  Gateway  
  82  7:43  Gateway, Archon  
  84  7:45  Probe  
  84  7:46  Probe  
  85  8:27  Nexus  
  85  8:28  Zealot x2  
  85  8:29  Zealot x2  
  93  8:45  Pylon  
  93  8:47  Pylon  
  93  8:49  Pylon  
  93  8:50  Pylon  
  93  8:53  Pylon  
  93  9:05  Zealot x5  
  93  9:08  High Templar  
  87  9:29  Archon  
  55  9:31  Zealot  
  55  9:32  Zealot x2  
Tags
 
Add a new tag
Caveats
  • Supply blocks, unpowered buildings, or Contaminate may cause inaccurate times.
  • Supply counts are checked every 10 seconds.